 Dungeon Crawl Stone Soup version 0.28-b1-1-g3c77fb2ed1 (webtiles) character file.

Game seed: 13421730788010962515

118 pkoi the Slasher (level 4, -2/36 HPs)
             Began as a Minotaur Gladiator on Jan 28, 2022.
             Slain by a river rat (3 damage)
             ... on level 3 of the Dungeon.
             The game lasted 00:03:02 (2401 turns).

pkoi the Slasher (Minotaur Gladiator)               Turns: 2401, Time: 00:03:03

Health: -2/36      AC:  3    Str: 21    XL:     4   Next: 72%
Magic:  3/3        EV: 12    Int:  5    God:
Gold:   26         SH:  0    Dex: 11    Spells: 3/3 levels left

rFire   . . .      SeeInvis .   a - +0 long sword
rCold   . . .      Faith    .   (no shield)
rNeg    . . .      Spirit   .   b - +0 leather armour
rPois   .          Reflect  .   c - +0 hat
rElec   +          Harm     .   (no cloak)
rCorr   .          Rampage  .   (no gloves)
Will    .....                   (no boots)
Stlth   +.........              (no amulet)
HPRegen 0.12/turn               (no ring)
MPRegen 0.08/turn               (no ring)

@: very slow
A: horns 2, retaliatory headbutt, frail 1, electricity resistance
a: no special abilities


You were on level 3 of the Dungeon.
You visited 1 branch of the dungeon, and saw 3 of its levels.

You collected 26 gold pieces.

Inventory:

Hand Weapons
 a - a +0 long sword (weapon)
Missiles
 d - 3 throwing nets
 g - 5 poisoned darts (quivered)
Armour
 b - a +0 leather armour (worn)
 c - a +0 hat (worn)
Scrolls
 e - a scroll of vulnerability {unknown}
 i - a scroll of fog {unknown}
 j - a scroll of enchant armour {unknown}
 l - a scroll of blinking {unknown}
Potions
 h - a potion of magic {unknown}
 k - a potion of haste {unknown}
 m - a potion of brilliance {unknown}


   Skills:
 + Level 3.6 Fighting
 * Level 5.3 Long Blades
 - Level 2.0 Throwing
 + Level 4.1 Dodging


You had 3 spell levels left.
You didn't know any spells.
Your spell library contained the following spells:

 Spells                   Type           Power      Damage    Failure   Level
 Static Discharge         Conj/Air       0%         N/A       67%         2
 Lightning Bolt           Conj/Air       0%         1d11      100%        5
 Maxwell's Capacitive Co  Air            0%         ∞         100%        8


Dungeon Overview and Level Annotations

Branches:
Dungeon (3/15)

Altars:

Shops:
D:2 ((*[[


Innate Abilities, Weirdness & Mutations

You have a pair of horns on your head.
You reflexively headbutt those who attack you in melee.
You are frail. (-10% HP)
You are resistant to electric shocks. (rElec)


Message History

Your unstable footing causes you to fumble your attack.
You feel sick. The adder bites you but does no damage.
You closely miss the adder.
The adder is lightly wounded.
You feel sick. The adder barely misses you. The adder bites you.
You hit the adder.
You headbutt the adder, but do no damage.
The adder is heavily wounded.
You feel sick.
You are no longer poisoned.
The adder misses you.
You hit the adder but do no damage.
The adder is heavily wounded.
The adder barely misses you. x2
Your unstable footing causes you to fumble your attack.
The adder bites you but does no damage.
You miss the adder.
The adder is heavily wounded.
The adder closely misses you. The adder completely misses you.
Unknown command.
Your unstable footing causes you to fumble your attack.
The adder closely misses you. You furiously retaliate!
You headbutt the adder!
You kill the adder!
Unknown command.
You hit the river rat but do no damage. Your headbutt misses the river rat.
A worm comes into view.
The rat bites you. The river rat bites you.
You see here an adder corpse.
Unknown command.
An adder comes into view.
The adder hisses angrily.
A river rat comes into view.
The river rat bites you.
* * * LOW HITPOINT WARNING * * *
The river rat bites you!
* * * LOW HITPOINT WARNING * * *
It was a potion of mutation.
You feel extremely strange.
You feel frail.
You feel insulated. The rat barely misses you. The river rat bites you.
You die...

#### #...####
#....≈≈# #...≈≈≈# ###
###....#≈#######≈# ..
......≈≈≈#≈S≈≈≈r≈≈ #.
#..≈#≈#@##### #.##
#.†≈≈≈#rr≈≈≈# #..#
##..≈#≈#≈#w#≈≈≈≈#
#.####...≈#≈#≈#≈# ###
#.........#≈≈≈#≈≈
####..#.##...########
......#.......#
#####.#.#########
#.#########.#


You could see a worm, an adder, 2 river rats and a rat.

Vanquished Creatures
  Jessica (D:3)
  A gnoll (D:1)
  2 adders
  2 worms
  3 dart slugs (D:1)
  An orc (D:3)
  5 endoplasms
  4 giant cockroaches (D:1)
  2 goblins
  7 hobgoblins
  3 jackals (D:1)
  2 quokkas
  3 ball pythons (D:1)
  3 bats
  A frilled lizard (D:2)
  6 kobolds
  3 rats
49 creatures vanquished.

Vanquished Creatures (others)
  5 plants
  4 withered plants (D:1)
9 creatures vanquished.

Grand Total: 58 creatures vanquished

Notes
Turn   | Place    | Note
-------+----------+-------------------------------------------
     0 | D:1      | pkoi the Minotaur Gladiator began the quest for the Orb.
     0 | D:1      | Reached XP level 1. HP: 18/18 MP: 0/0
    73 | D:1      | Reached skill level 4 in Long Blades
    73 | D:1      | Reached XP level 2. HP: 25/25 MP: 1/1
   524 | D:1      | Found a faded altar of an unknown god.
   659 | D:1      | Reached XP level 3. HP: 29/31 MP: 2/2
  1608 | D:2      | Found Terheykh's Assorted Antiques.
  1640 | D:2      | Found Jeruclush's Weapon Shop.
  1768 | D:2      | Found Mineff's Armour Boutique.
  1779 | D:2      | Found Nisuonk's Armour Shop.
  1857 | D:2      | Reached XP level 4. HP: 32/38 MP: 3/3
  1983 | D:2      | Found Jytiashe's Antique Weapon Boutique.
  2281 | D:3      | Noticed Jessica
  2285 | D:3      | Reached skill level 5 in Long Blades
  2285 | D:3      | Killed Jessica
  2400 | D:3      | HP: 1/40 [river rat (7)]
  2401 | D:3      | Gained mutation: You are frail. (-10% HP) [potion of
                  | mutation]
  2401 | D:3      | Gained mutation: You are resistant to electric shocks.
                  | (rElec) [potion of mutation]
  2401 | D:3      | Slain by a river rat

Illustrated notes

Levels and vault maps discovered:
D:1:      mrwooster_arrival_statue_2, layout_basic,
          shapermc_ecumenical_altar_flowoftime
D:2:      layout_rooms, serial_shops, shop, shop_fountains, nicolae_shop_stone,
          nicolae_shop_overgrown_old_shop, nicolae_shop_waterfront,
          chequers_serial_rivers_micro_b, minmay_misc_feat_x,
          roderic_roman_lattice, columned_hall_lemuel
D:3:      layout_basic, mainiacjoe_overflow_swirl, lightli_sewer_entry_pipes,
          uniq_jessica

Skill      XL: |  1  2  3  4 |
---------------+-------------+-----
Long Blades    | 4 5 |  5.3
Fighting       | 3 |  3.6
Dodging        | 4 |  4.1
Throwing       | |  2.0

Action                   |  1- 3 |  4- 6 || total
-------------------------+-------+-------++-------
Melee: Long sword        |   106 |    33 ||   139
       Headbutt          |    20 |     2 ||    22
  Use: Potion            |       |     1 ||     1
Armor: Leather armour    |    26 |     5 ||    31
Dodge: Dodged            |    50 |    23 ||    73
